 Dungeon Crawl Stone Soup version 0.28.0-62-gf88900778d (webtiles) character file.

Game seed: 349094731813808652

73 cbfl8 the Skirmisher (level 4, -2/41 HPs)
             Began as a Minotaur Abyssal Knight on Apr 30, 2023.
             Was a Follower of Lugonu.
             Slain by Terence
             ... wielding a +6 flail of protection
              (11 damage)
             ... on level 3 of the Dungeon.
             The game lasted 00:02:17 (3021 turns).

cbfl8 the Skirmisher (Minotaur Abyssal Knight)      Turns: 3021, Time: 00:02:18

Health: -2/41      AC:  5    Str: 18    XL:     4   Next: 8%
Magic:  4/4        EV: 15    Int:  7    God:    Lugonu [*.....]
Gold:   94         SH:  0    Dex: 12    Spells: 3/3 levels left

rFire   . . .      SeeInvis .   a - +1 hand axe
rCold   . . .      Faith    .   (no shield)
rNeg    . . .      Spirit   .   m - +0 ring mail
rPois   +          Reflect  .   (helmet restricted)
rElec   .          Harm     .   (no cloak)
rCorr   .          Rampage  .   (no gloves)
Will    .....                   (no boots)
Stlth   +.........              (no amulet)
HPRegen 0.13/turn               i - ring of poison resistance
MPRegen 0.09/turn               h - +4 ring of evasion

@: about to teleport
A: horns 2, retaliatory headbutt
a: Renounce Religion, Depart the Abyss


You were on level 3 of the Dungeon.
You worshipped Lugonu.
Lugonu was aware of your devotion.
You visited 1 branch of the dungeon, and saw 3 of its levels.
You visited the Abyss 1 time.

You collected 94 gold pieces.

Inventory:

Hand Weapons
 a - a +1 hand axe (weapon)
Armour
 m - a +0 ring mail (worn)
Jewellery
 h - a +4 ring of evasion (right hand)
 i - a ring of poison resistance (left hand)
 q - an amulet of faith
 r - a ring of magical power
Scrolls
 c - a scroll of acquirement {unknown}
 k - a scroll of magic mapping {unknown}
 l - a scroll of enchant weapon {unknown}
 o - a scroll of identify {unknown}
 p - a scroll of blinking {unknown}
Potions
 b - a potion of degeneration {unknown}
 f - a potion of berserk rage {unknown}
 g - a potion of lignification {unknown}
 j - a potion of cancellation {unknown}
 n - a potion of magic {unknown}


   Skills:
 + Level 4.7 Fighting
 + Level 3.3 Axes
 + Level 3.0 Armour
 + Level 1.6 Dodging
 + Level 2.0 Invocations
 * Level 0.3 Evocations


You had 3 spell levels left.
You didn't know any spells.
Your spell library contained the following spells:

 Spells                   Type           Power      Damage    Failure   Level
 Slow                     Hex            0%         N/A       63%         1
 Confusing Touch          Hex            0%         N/A       94%         3
 Vampiric Draining        Necr           0%         2d6       94%         3


Dungeon Overview and Level Annotations

Branches:
Dungeon (3/15)

Altars:

Annotations:
D:3 Terence


Innate Abilities, Weirdness & Mutations

You have a pair of horns on your head.
You reflexively headbutt those who attack you in melee.


Message History

No target in view!
There is an open door here.
There is an open door here.
You open the door.
There is an open door here.
Found a stone staircase leading down.
A ball python comes into view.
There is a stone staircase leading down here.
A ball python is nearby!
You closely miss the ball python. You headbutt the ball python.
You kill the ball python!
Lugonu accepts your kill.
Terence the Incautious comes into view.
He is wielding a +6 flail of protection.
Found a scroll labelled ZYTWIU TOEC.
Terence shouts!
Terence hits you with a +6 flail of protection!
Terence is nearby!
You hit Terence but do no damage. Terence closely misses you.
Terence is nearby!
You hit Terence but do no damage. Terence closely misses you.
You furiously retaliate!
You headbutt Terence, but do no damage. You hit Terence but do no damage.
You headbutt Terence, but do no damage. Terence barely misses you.
Terence drinks a potion.
Terence seems to grow stronger.
You hit Terence.
Terence is lightly wounded.
Terence hits you with a +6 flail of protection!!
Ouch! That really hurt!
* * * LOW HITPOINT WARNING * * *
You are too injured to fight recklessly!
It was a potion of curing.
You feel better.
Terence hits you with a +6 flail of protection!
* * * LOW HITPOINT WARNING * * *
You feel better.
Terence hits you with a +6 flail of protection.
* * * LOW HITPOINT WARNING * * *
As you read the scroll labelled EZUNKUQECAA, it crumbles to dust.
You feel strangely unstable.
It was a scroll of teleportation.
Terence hits you with a +6 flail of protection!
You die...

########
#....@.######
.## #@.....#
.....###..###?#
#.......# .#
#.####..###.#
##
#.####......#
#.
#......##>###
#. #########.#
#. #.# #. ###.#
#.


You could see Terence (strong).

Vanquished Creatures
  2 adders (D:2)
  A gnoll (D:1)
  A dart slug (D:1)
  5 ball pythons
  3 endoplasms
  A giant cockroach (D:1)
  3 goblins (D:1)
  8 hobgoblins
  7 kobolds
  A quokka (D:1)
  2 bats
  3 frilled lizards
  3 rats
40 creatures vanquished.

Notes
Turn   | Place    | Note
-------+----------+-------------------------------------------
     0 | Abyss:1  | cbfl8 the Minotaur Abyssal Knight began the quest for the
                  | Orb.
     0 | Abyss:1  | Reached XP level 1. HP: 19/19 MP: 1/1
     4 | D:1      | Escaped the Abyss
    32 | D:1      | Reached skill level 4 in Fighting
    32 | D:1      | Reached XP level 2. HP: 4/27 MP: 2/2
   645 | D:1      | Reached * piety under Lugonu
   839 | D:1      | Reached XP level 3. HP: 33/34 MP: 3/3
  1041 | D:1      | Found a faded altar of an unknown god.
  2113 | D:2      | Reached XP level 4. HP: 41/41 MP: 4/4
  3013 | D:3      | Noticed Terence
  3021 | D:3      | Slain by Terence

Illustrated notes

Levels and vault maps discovered:
D:1:      tarquinn_simple_flora_water_f, layout_loops_corners,
          shapermc_ecumenical_altar_starsandcircs, minmay_close_crescents
D:2:      layout_loops_corners
D:3:      layout_loops_corners, uniq_terence

Skill      XL: |  1  2  3  4 |
---------------+-------------+-----
Fighting       | 4 |  4.7
Axes           | 3 |  3.3
Invocations    | 2 |  2.0
Armour         | 3 |  3.0
Dodging        | |  1.6
Evocations     | |  0.3

Action                   |  1- 3 |  4- 6 || total
-------------------------+-------+-------++-------
Melee: Hand axe          |    77 |    12 ||    89
       Headbutt          |     8 |     2 ||    10
Invok: Depart the Abyss  |     1 |       ||     1
  Use: Potion            |       |     2 ||     2
       Scroll            |       |     1 ||     1
Armor: Leather armour    |    13 |       ||    13
       Ring mail         |       |     2 ||     2
Dodge: Dodged            |    37 |     6 ||    43
